 Dungeon Crawl Stone Soup version 0.30-a0-972-gf3ab3527aa (webtiles) character file.

Game seed: 1689671019116601568

220699 Lobster4 the Warrior (level 19, -7/148 HPs)
             Began as a Djinni Fire Elementalist on Mar 31, 2023.
             Was the Champion of Makhleb.
             Killed from afar by Bai Suzhen (29 damage)
             ... with a torrent of water
             ... on level 3 of the Swamp.
             The game lasted 02:24:08 (42515 turns).

Lobster4 the Warrior (Djinni Fire Elementalist)    Turns: 42515, Time: 02:24:08

Health: -7/148     AC: 15    Str: 10    XL:     19   Next: 94%
Gold:   1599       EV: 23    Int: 22    God:    Makhleb [******] SH: 12 Dex: 20

rFire   + + +      SeeInvis +    b - +7 sling of Kusif {flame, rF+}
rCold   + + .      Faith    .    F - +0 kite shield {reflect}
rNeg    + . .      Spirit   .    X - +0 leather armour of Beyond {rF+ rC+ Dex+3}
rPois   ∞          Reflect  +    k - +2 helmet {SInv}
rElec   .          Rampage  .    K - +2 cloak {Stlth+}
rCorr   .                        y - +2 pair of gloves {infuse}
Will    +....                    (boots unavailable)
Stlth   +++                      Z - amulet "Bygu" {Acrobat Str+3}
HPRegen 0.44/turn                g - +5 ring of evasion
MPRegen 0.00/turn                L - ring of Nidesmuoh {rC++ rN+}

@: flying
A: sickness immunity, fire resistance 2, cold vulnerability 1, float, innate
caster, HP casting, extra vitality 1
}: 1/15 runes: serpentine
a: Renounce Religion, Minor Destruction, Lesser Servant of Makhleb, Major
Destruction, Greater Servant of Makhleb


You were on level 3 of the Swamp.
You worshipped Makhleb.
Makhleb was exalted by your worship.
You visited 7 branches of the dungeon, and saw 31 of its levels.
You visited 1 bazaar.
You also visited: Sewer, Bailey, Gauntlet and Ice Cave.

You collected 3412 gold pieces.
You spent 1813 gold pieces at shops.

Inventory:

Hand Weapons
 a - a +4 dagger of protection
 b - the +7 sling of Kusif (weapon) {flame, rF+}
   (You took it off an orc warrior in a bailey)

   rF:        It protects you from fire.
 x - a +3 hand crossbow of freezing
 B - a +4 vampiric demon blade
 O - a +4 short sword of venom
Missiles
 l - 3 curare-tipped darts
 q - 29 poisoned darts
 W - 10 javelins
Armour
 k - a +2 helmet of see invisible (worn)
 t - a +2 robe of resistance
 y - a +2 pair of gloves of infusion (worn)
 F - a +0 kite shield of reflection (worn)
 K - a +2 cloak of stealth (worn)
 X - the +0 leather armour of Beyond (worn) {rF+ rC+ Dex+3}
   (You bought it in a shop on level 2 of the Orcish Mines)

   Dex:       It affects your dexterity (+3).
   rF:        It protects you from fire.
   rC:        It protects you from cold.
Jewellery
 c - a ring of protection from cold
 g - a +5 ring of evasion (left hand)
 w - a ring of positive energy
 E - a ring of willpower
 L - the ring of Nidesmuoh (right hand) {rC++ rN+}
   (You found it in an ice cave)

   [ring of positive energy]

   rC:        It greatly protects you from cold.
   rN:        It protects you from negative energy.
 U - the ring of Qialet {*Slow rCorr Int+2 Dex+4}
   (You bought it in a shop in a bazaar)

   [ring of resist corrosion]

   Int:       It affects your intelligence (+2).
   Dex:       It affects your dexterity (+4).
   rCorr:     It protects you from acid and corrosion.
   *Slow:     It may slow you when you take damage.
 Z - the amulet "Bygu" (around neck) {Acrobat Str+3}
   (You found it in a Gauntlet)

   [amulet of the acrobat]

   It increases your evasion while moving and waiting.
   Str:       It affects your strength (+3).
Wands
 i - a wand of digging (8)
 r - a wand of roots (6)
 J - a wand of charming (26)
 P - a wand of quicksilver (15)
 R - a wand of flame (32)
Scrolls
 h - 5 scrolls of magic mapping
 m - a scroll of silence
 u - 8 scrolls of poison
 v - 12 scrolls of teleportation
 z - 2 scrolls of fear
 A - 3 scrolls of fog
 G - 3 scrolls of enchant weapon
 H - 3 scrolls of enchant armour
 I - 3 scrolls of butterflies
 M - 3 scrolls of blinking
 S - 2 scrolls of immolation
Potions
 d - 6 potions of invisibility
 e - 8 potions of heal wounds
 f - 3 potions of resistance
 j - 13 potions of curing
 n - 8 potions of brilliance
 o - a potion of berserk rage
 p - 5 potions of ambrosia
 C - a potion of cancellation
 D - 4 potions of haste
 N - 9 potions of might
 Q - 4 potions of lignification
Miscellaneous
 s - a condenser vane
 T - a phial of floods (inert)


   Skills:
 + Level 17.4 Fighting
 - Level 5.0(5.5) Short Blades
 - Level 3.7(5.0) Long Blades
 - Level 10.0 Ranged Weapons
 - Level 3.0 Throwing
 - Level 12.0 Armour
 - Level 12.0 Dodging
 - Level 2.0 Stealth
 + Level 9.9 Shields
 + Level 13.9 Spellcasting
 + Level 7.0 Invocations
 - Level 3.0 Evocations


You knew the following spells:

 Your Spells              Type           Power      Damage    Failure   Level
a - Foxfire               Conj/Fire      100%       2x1d6     1%          1
b - Scorch                Fire           100%       2d10      1%          2
c - Plasma Beam           Fire/Air       33%        2x1d34    1%          5
d - Iron Shot             Conj/Erth      33%        9d7       5%          6
e - Flame Wave            Conj/Fire      67%        2d15      1%          4
f - Lee's Rapid Deconstr  Erth           33%        3d17*     1%          5
g - Inner Flame           Hex/Fire       67%        N/A       1%          3
h - Animate Dead          Necr           67%        N/A       1%          4
i - Sandblast             Erth           100%       2d20      1%          1
j - Eringya's Noxious Bo  Tmut/Pois      33%        N/A       5%          6
k - Kindle Blastsparks    Fire/Tloc/Air  100%       2d18      1%          3
l - Vhi's Electric Charg  Tloc/Air       100%       N/A       1%          3
m - Momentum Strike       Conj/Tloc      100%       3d10      1%          2
s - Simulacrum            Ice/Necr       33%        N/A       5%          6
Your spell library was empty.

Dungeon Overview and Level Annotations

Branches:
Dungeon (15/15)            Temple (1/1) D:4            Lair (5/5) D:9
  Swamp (3/4) Lair:2        Snake (4/4) Lair:3        Slime (0/5) Lair:4
    Orc (2/2) D:10            Elf (1/3) Orc:2        Vaults (0/5) D:14
 Depths (0/4) D:15          Sewer (visited)          Bailey (visited)
  IceCv (visited)         Gauntlet (visited)

Altars:
Ashenzari
Cheibriados
Dithmenos
Elyvilon
Fedhas
Gozag
Hepliaklqana
Makhleb
Nemelex Xobeh
Okawaru
Qazlal
Ru
Trog
Uskayaw
Wu Jian
Xom
Yredelemnul
Zin
The Shining One
Jiyva

Shops:
D:10 !   D:11 :   D:15 [   Orc:2 =[:(   Snake:3 :   Snake:4 !

Annotations:
D:8 exclusions: ice statue and orange crystal statue
D:11 1 exclusion, Lodul
Swamp:3 Bai Suzhen
Snake:2 3 runed translucent doors, Sopaerr's ghost, journeyman MiBe
Elf:1 Zenata


Innate Abilities, Weirdness & Mutations

You are immune to sickness and miasma.
You are immune to poison.
Your flesh is very heat resistant. (rF++)
You are vulnerable to cold. (rC-)
You float through the air rather than walking.
You learn spells naturally, not from books.
Your magical power is your life essence.
You have superior vitality. (+4 MHP)


Message History

Aim the phial where?
Press: ? - help, Shift-Dir - straight line, f - Bai Suzhen
Aim: Bai Suzhen (heavily wounded, surrounded by thunder, catching her breath)
The torrent of water hits Bai Suzhen but does no damage.
Bai Suzhen is heavily wounded.
The wave splashes down.
Bai Suzhen is engulfed in water.
Casting: Plasma Beam (mildly dangerous; 1% risk of failure)
Confirm with . or Enter, or press ? or * to list all spells.
Aiming: Iron Shot (dangerous; 5% risk of failure)
Press: ? - help, Shift-Dir - straight line, f/p - Bai Suzhen
Aim: Bai Suzhen (heavily wounded, surrounded by thunder, unaffected by silence, catching her breath, waterlogged, 94% to hit)
The iron shot hits Bai Suzhen!
Bai Suzhen is severely wounded.
Your noxious spew wanes.
Casting: Iron Shot (dangerous; 5% risk of failure)
Confirm with . or Enter, or press ? or * to list all spells.
Aiming: Iron Shot (dangerous; 5% risk of failure)
Press: ? - help, Shift-Dir - straight line, f/p - Bai Suzhen
Aim: Bai Suzhen (severely wounded, surrounded by thunder, unaffected by silence, catching her breath, waterlogged, 94% to hit)
The iron shot hits Bai Suzhen!!
Bai Suzhen is severely wounded.
Casting: Iron Shot (dangerous; 5% risk of failure)
Confirm with . or Enter, or press ? or * to list all spells.
Aiming: Iron Shot (dangerous; 5% risk of failure)
Press: ? - help, Shift-Dir - straight line, f/p - Bai Suzhen
Aim: Bai Suzhen (severely wounded, surrounded by thunder, unaffected by silence, waterlogged, 94% to hit)
The iron shot hits Bai Suzhen!!
Bai Suzhen is almost dead.
Casting: Iron Shot (dangerous; 5% risk of failure)
Confirm with . or Enter, or press ? or * to list all spells.
Aiming: Iron Shot (dangerous; 5% risk of failure)
Press: ? - help, Shift-Dir - straight line, f/p - Bai Suzhen
Aim: Bai Suzhen (almost dead, surrounded by thunder, unaffected by silence, waterlogged, 94% to hit)
The iron shot hits Bai Suzhen!!
Bai Suzhen is almost dead.
You are engulfed in a thunderstorm.
* * * LOW HITPOINT WARNING * * *
Bai Suzhen breathes water at you. The torrent of water hits you!!
You die...

♣♣♣♣♣♣♣ ♣♣♣♣
♣♣♣♣♣..~..♣♣♣♣♣♣♣~~♣♣ ♣
♣♣♣....§~.~~~...♣♣~~~^♣♣♣
*♣.<~~.~~~~~~...♣*♣.~~~.♣♣
**~.~~..~~.......♣♣♣~.~~~♣~
*,...~~.~~~..~...~.♣~~~~~.~
**~~.~~..~~§§~§§§~~§♣§.~~.~§
*~,......~~@D§§§~§~D~.~~~...
***~♣.§...~§§§§§~~~§§§§~~~.~
*♣~...§:§~.~~~~~.~§§)§..~~
**♣~~~~~...~~~~~~...§♣♣.!~~
*~.....§~.~~~~~...)..♣..~[~
*~.......~§.~~§..~~~~♣.~p~~
**♣♣♣..~...~~~..~~~~~♣~.~~~
♣...~.~.~~~.~~~~.~~~.~§
*~,,,,,,,~~~~~~~~~~.~~<


You could see Bai Suzhen (clouds, unsilenced, catching breath, waterlogged).

Vanquished Creatures
  A lich (IceCv)
  Jorgrun (D:12)
  Mlioglotl (Swamp:3)
  Asterion (Snake:1)
  Frances (Swamp:1)
  Kirke (Swamp:3)
  4 nagarajas
  2 very ugly things
  A stone giant (D:15)
  3 eleionomae (Swamp:3)
  4 bunyips
  Azrael (D:15)
  A spark wasp (shapeshifter) (D:14)
  A blizzard demon (Gauntlet)
  A minotaur (Gauntlet)
  Snorg (D:11)
  Josephine (D:12)
  A fire dragon (D:14)
  2 salamander tyrants (Snake:4)
  4 vault guards (D:14)
  2 ghost crabs
  7 hydras
  4 ogre magi (Orc:2)
  6 anacondas
  23 two-headed ogres
  4 centaur warriors
  6 death yaks (Lair:5)
  Erica (D:8)
  5 alligators
  2 dancing weapons (Elf:1)
  10 boulder beetles
  5 tengu warriors
  15 naga warriors
  3 shock serpents
  A shock serpent (shapeshifter) (Elf:1)
  Urug (Orc:2)
  2 deep elf knights (Elf:1)
  16 naga sharpshooters
  A fire crab (shapeshifter) (D:13)
  Nergalle (D:12)
  9 skeletal warriors
  9 salamander mystics
  A goliath frog (Swamp:1)
  A spriggan druid (Swamp:2)
  2 swamp dragons
  2 spriggan simulacra (IceCv)
  4 naga ritualists
  A sea snake (Snake:1)
  An obsidian statue (IceCv)
  3 bog bodies
  2 orc knights
  3 deep elf archers (Elf:1)
  A necromancer (IceCv)
  Pikel (D:6)
  11 deep elf pyromancers
  5 mana vipers
  9 ugly things
  An oklob plant (Lair:4)
  5 deep elf zephyrmancers
  4 will-o-the-wisps
  13 salamanders
  7 cyclopes
  4 manticores
  Maurice (D:8)
  21 black mambas
  An ice statue (Swamp:3)
  An eye of devastation (shapeshifter) (D:14)
  29 elephants
  3 guardian serpents
  18 naga magi
  9 cane toads
  A gargoyle (D:14)
  A minotaur zombie (Gauntlet)
  3 rime drakes
  An unseen horror (D:11)
  23 freezing wraiths
  An efreet (D:15)
  2 kobold demonologists
  7 komodo dragons
  2 anaconda simulacra (IceCv)
  3 golden dragon simulacra (IceCv)
  2 ice devils
  A meliai (shapeshifter) (D:15)
  5 tyrant leeches
  A wolf spider simulacrum (D:15)
  8 trolls
  Grinder (Sewer)
  3 bloated husks
  4 polar bears
  3 meliai (Gauntlet)
  11 hornets
  5 blink frogs (Lair:5)
  A dream sheep (shapeshifter) (D:14)
  7 dream sheep (Lair:5)
  6 wyverns
  An air elemental (Orc:2)
  A shadow (D:12)
  A centaur simulacrum (D:14)
  6 slime creatures
  21 spriggans
  6 basilisks
  A dire elephant simulacrum (IceCv)
  5 wraiths
  A vampire (D:14)
  25 yaks
  4 fire elementals
  8 humans
  Grum (D:10)
  25 vampire mosquitoes
  A redback (D:14)
  A minotaur simulacrum (IceCv)
  3 harpy simulacra (IceCv)
  2 wargs
  Menkaure (D:6)
  37 nagas
  11 swamp worms
  3 hell hounds (D:15)
  2 acid dragons
  9 water moccasins
  A hydra simulacrum (IceCv)
  2 swamp drakes
  14 orc warriors
  2 ice beasts
  4 black bears
  5 alligator simulacra (IceCv)
  8 boggarts
  An ettin simulacrum (IceCv)
  37 ogres
  35 wolves
  13 centaurs
  A lemure (D:6)
  A phantom (D:5)
  12 bullfrogs
  2 deep troll simulacra (IceCv)
  A kobold brigand (D:7)
  A necrophage (Sewer)
  2 scorpions
  5 wights
  2 lindwurm simulacra (IceCv)
  8 electric eels
  6 howler monkeys
  6 jellies
  13 orc priests
  3 hounds
  2 gnoll boudas (D:9)
  4 iguanas
  19 orc wizards
  5 hell rats (Lair:5)
  Robin (D:3)
  A howler monkey zombie (D:9)
  10 gnolls
  8 adders
  A river rat (D:6)
  A shadow imp (D:6)
  4 white imps
  5 ufetubi
  2 adder zombies (Sewer)
  A gnoll zombie (D:9)
  3 worms
  3 dart slugs
  60 orcs
  8 endoplasms
  3 giant cockroaches
  24 goblins
  10 hobgoblins
  A quokka (D:4)
  11 ball pythons
  7 bats
  8 frilled lizards
  A giant cockroach zombie (Sewer)
  34 kobolds
  2 kobold zombies (Sewer)
  5 rats
1037 creatures vanquished.

Vanquished Creatures (collateral kills)
  4 death yaks (Lair:5)
  An anaconda (Snake:1)
  7 elephants
  A torpor snail (Lair:5)
  4 cane toads
  A rime drake (Lair:5)
  2 blink frogs (Lair:5)
  A dream sheep (Lair:5)
  16 yaks
  A naga (Snake:1)
  2 water moccasins
  2 orc warriors
  7 wolves
  A bullfrog (Lair:3)
  A wight (D:9)
  An orc priest (Orc:1)
  5 hell rats (Lair:5)
  A gnoll (D:9)
  12 foxfires
70 creatures vanquished.

Vanquished Creatures (others)
  A deep elf zephyrmancer (Elf:1)
  A death yak zombie (Lair:5)
  A black mamba zombie (Snake:1)
  2 humans
  A two-headed ogre zombie (D:9)
  4 salamander zombies (Snake:3)
  3 cane toad zombies
  2 hornet zombies (Lair:5)
  10 elephant zombies
  2 blink frog zombies (Lair:5)
  A wolf (Lair:4)
  A rime drake zombie (Lair:5)
  3 water moccasin zombies
  5 yak zombies
  14 wolf zombies
  A boggart zombie (Lair:5)
  2 naga zombies (Snake:3)
  A hell rat zombie (Lair:5)
  6 gnoll zombies
  6 orc zombies (Orc:2)
  2680 foxfires
  40 fungi
  75 plants
2862 creatures vanquished.

Grand Total: 3969 creatures vanquished

Notes
Turn   | Place    | Note
-------+----------+-------------------------------------------
     0 | D:1      | Lobster4 the Djinni Fire Elementalist began the quest for
                  | the Orb.
     0 | D:1      | Lobster4 set off with the following spells memorised:
                  | Foxfire, Scorch, Kindle Blastsparks, Inner Flame, Flame
                  | Wave.
     0 | D:1      | Reached XP level 1. HP: 15/15 MP: 0/0
   288 | D:1      | Reached XP level 2. HP: 17/22 MP: 0/0
   839 | D:2      | Found an opulent altar of Gozag.
   842 | D:2      | Reached XP level 3. HP: 24/26 MP: 0/0
   842 | D:2      | Learned a level 1 spell: Sandblast
   859 | D:2      | Reached skill level 1 in Fighting
   859 | D:2      | Reached skill level 1 in Armour
   948 | D:2      | Reached XP level 4. HP: 24/32 MP: 0/0
   987 | D:2      | Found a faded altar of an unknown god.
  1901 | D:3      | Noticed Robin
  2254 | D:3      | Killed Robin
  2255 | D:3      | Reached XP level 5. HP: 33/38 MP: 0/0
  2255 | D:3      | Learned a level 2 spell: Momentum Strike
  2292 | D:3      | Noticed an ogre
  2305 | D:3      | Killed an ogre
  2306 | D:3      | Reached skill level 2 in Fighting
  2306 | D:3      | Reached XP level 6. HP: 40/44 MP: 0/0
  2686 | D:4      | Found a staircase to the Ecumenical Temple.
  2705 | Temple   | Entered the Ecumenical Temple
  2757 | Temple   | Became a worshipper of Makhleb the Destroyer
  3559 | D:5      | Entered Level 5 of the Dungeon
  3559 | D:5      | Noticed a water moccasin
  3563 | D:5      | Killed a water moccasin
  3564 | D:5      | Reached skill level 3 in Fighting
  3564 | D:5      | Reached XP level 7. HP: 45/50 MP: 0/0
  3564 | D:5      | Learned a level 3 spell: Vhi's Electric Charge
  3602 | D:5      | Reached * piety under Makhleb
  3603 | D:5      | Reached skill level 1 in Invocations
  3653 | D:5      | Reached skill level 1 in Short Blades
  3659 | D:5      | Reached skill level 1 in Throwing
  4015 | D:5      | Reached XP level 8. HP: 48/56 MP: 0/0
  4524 | D:6      | Found a glowing drain.
  4527 | D:6      | Noticed Pikel
  4566 | D:6      | Killed Pikel
  4567 | D:6      | Reached skill level 4 in Fighting
  4567 | D:6      | Reached skill level 5 in Dodging
  4600 | Sewer    | Entered a sewer
  4698 | Sewer    | Reached ** piety under Makhleb
  4750 | Sewer    | Reached XP level 9. HP: 58/62 MP: 0/0
  4750 | Sewer    | Learned a level 4 spell: Animate Dead
  4784 | Sewer    | Noticed Grinder
  4837 | Sewer    | Killed Grinder
  5237 | D:6      | Noticed Menkaure
  5243 | D:6      | Killed Menkaure
  5377 | D:6      | Reached skill level 5 in Armour
  5391 | D:6      | Noticed a hornet
  5402 | D:6      | Killed a hornet
  5403 | D:6      | Reached skill level 5 in Fighting
  6174 | D:7      | Reached skill level 5 in Spellcasting
  6174 | D:7      | Reached XP level 10. HP: 65/71 MP: 0/0
  6684 | D:8      | Reached *** piety under Makhleb
  6793 | D:8      | Noticed an orange crystal statue
  6822 | D:8      | Reached skill level 6 in Fighting
  6865 | D:8      | Noticed Erica
  6896 | D:8      | Noticed an ice statue
  6926 | D:8      | Reached skill level 1 in Evocations
  7000 | D:8      | Noticed Maurice
  7015 | D:8      | Killed Maurice
  7071 | D:8      | Found a basalt altar of Yredelemnul.
  7459 | D:8      | Killed Erica
  8071 | D:8      | Reached skill level 7 in Fighting
  8072 | D:8      | Reached XP level 11. HP: 20/79 MP: 0/0
  8072 | D:8      | Learned a level 5 spell: Lee's Rapid Deconstruction
  8252 | D:9      | Found a staircase to the Lair.
  8293 | D:9      | Noticed a two-headed ogre
  8499 | D:9      | Killed a two-headed ogre
  8537 | D:9      | Found an iron altar of Okawaru.
  8609 | D:9      | Found a shadowy altar of Dithmenos.
  8692 | D:9      | Reached skill level 5 in Short Blades
  9097 | D:10     | Entered Level 10 of the Dungeon
  9110 | D:10     | Noticed a two-headed ogre
  9119 | D:10     | Killed a two-headed ogre
  9120 | D:10     | Reached skill level 8 in Fighting
  9139 | D:10     | Noticed Grum
  9146 | D:10     | Killed Grum
  9209 | D:10     | Noticed a two-headed ogre
  9218 | D:10     | Your ally Grum died
  9224 | D:10     | Killed a two-headed ogre
  9245 | D:10     | Found a flagged portal.
  9252 | D:10     | Reached **** piety under Makhleb
  9266 | Bailey   | Entered a bailey
  9445 | Bailey   | Noticed an orc knight
  9574 | Bailey   | Identified the +7 sling of Kusif {flame, rF+}
  9624 | Bailey   | Killed an orc knight
  9852 | D:10     | Found Inuck's Distillery.
  9855 | D:10     | Bought a potion of lignification for 42 gold pieces
 10335 | D:10     | Reached skill level 1 in Ranged Weapons
 10385 | D:10     | Reached XP level 12. HP: 73/88 MP: 0/0
 10495 | D:10     | Found a staircase to the Orcish Mines.
 11199 | D:11     | Noticed Snorg
 11207 | D:11     | Killed Snorg
 11437 | D:11     | Found Eryudupt's Book Shoppe.
 11501 | D:11     | Reached ***** piety under Makhleb
 11578 | D:11     | Reached skill level 9 in Fighting
 11780 | D:11     | Noticed a two-headed ogre
 11780 | D:11     | Noticed a boulder beetle
 11796 | D:11     | Killed a boulder beetle
 11797 | D:11     | Noticed a two-headed ogre
 11802 | D:11     | Killed a two-headed ogre
 11810 | D:11     | Killed a two-headed ogre
 11992 | D:11     | Noticed Lodul
 12208 | Orc:1    | Entered Level 1 of the Orcish Mines
 12889 | Orc:2    | Entered Level 2 of the Orcish Mines
 13055 | Orc:2    | Noticed Urug
 13230 | Orc:2    | Noticed a two-headed ogre
 13354 | Lair:1   | Entered Level 1 of the Lair of Beasts
 13828 | Lair:1   | Reached XP level 13. HP: 46/94 MP: 0/0
 13828 | Lair:1   | Learned a level 5 spell: Plasma Beam
 14450 | Lair:2   | Found a staircase to the Swamp.
 14614 | Lair:2   | Identified the +3 plate armour of the Watchman {rC- rN+++
                  | Str+5 Dex-4}
 15218 | Lair:3   | Noticed a four-headed hydra
 15239 | Lair:3   | Reached skill level 10 in Armour
 15242 | Lair:3   | Killed a four-headed hydra
 15300 | Lair:3   | Reached skill level 10 in Fighting
 15344 | Lair:3   | Found a staircase to the Snake Pit.
 15703 | Lair:3   | Reached skill level 5 in Invocations
 15981 | Lair:3   | Reached skill level 5 in Ranged Weapons
 16922 | Lair:4   | Reached XP level 14. HP: 98/103 MP: 0/0
 17077 | Lair:4   | Reached skill level 10 in Dodging
 17133 | Lair:4   | Reached skill level 11 in Fighting
 17417 | Lair:4   | Found a staircase to the Slime Pits.
 17417 | Lair:4   | Found a viscous altar of Jiyva.
 17867 | Lair:4   | Reached ****** piety under Makhleb
 18334 | Lair:5   | Entered Level 5 of the Lair of Beasts
 18479 | Lair:5   | Reached skill level 12 in Fighting
 18584 | Lair:5   | Reached skill level 10 in Spellcasting
 19088 | Lair:5   | Reached skill level 13 in Fighting
 19401 | Lair:5   | Reached XP level 15. HP: 98/114 MP: 0/0
 19401 | Lair:5   | Learned a level 6 spell: Eringya's Noxious Bog
 20682 | Lair:5   | Reached skill level 1 in Shields
 21092 | Lair:5   | Upgraded the game from 0.30-a0-965-g42e074c17a to
                  | 0.30-a0-972-gf3ab3527aa
 21559 | Orc:2    | Killed Urug
 21595 | Orc:2    | Reached skill level 14 in Fighting
 22371 | Orc:2    | Reached skill level 5 in Shields
 22467 | Orc:2    | Found Kahyih's Antique Weapon Shoppe.
 22467 | Orc:2    | Found Vaceuhad's Antique Armour Shop.
 22467 | Orc:2    | Found Cekum's Book Shop.
 22467 | Orc:2    | Found Renk's Jewellery Emporium.
 22508 | Orc:2    | Reached XP level 16. HP: 124/124 MP: 0/0
 22528 | Orc:2    | Bought a fine leather armour for 238 gold pieces
 22528 | Orc:2    | Identified the +0 leather armour of Beyond {rF+ rC+ Dex+3}
                  | (You bought it in a shop on level 2 of the Orcish Mines)
 22543 | Orc:2    | Found a staircase to the Elven Halls.
 22980 | D:11     | Found a gateway to a bazaar.
 23009 | Bazaar   | Entered a bazaar
 23034 | Bazaar   | Found Ifucsewk's Jewellery Shoppe.
 23034 | Bazaar   | Found Ikhah's Assorted Antiques.
 23056 | Bazaar   | Found Vuhil's Jewellery Shoppe.
 23056 | Bazaar   | Found Gyjoutu's Assorted Antiques.
 23067 | Bazaar   | Bought a bubbling coppery potion for 20 gold pieces
 23079 | Bazaar   | Found Moporch's Antique Armour Shoppe.
 23079 | Bazaar   | Found Yfargh's Book Emporium.
 23128 | Bazaar   | Bought a pair of embroidered gloves for 225 gold pieces
 23138 | Bazaar   | Bought a glowing cloak for 225 gold pieces
 23138 | Bazaar   | Bought a silken robe for 171 gold pieces
 23138 | Bazaar   | Identified the +2 robe of the Armoured One {rPois Int+3
                  | SInv} (You bought it in a shop in a bazaar)
 23165 | Bazaar   | Bought a scroll labelled FOOFUBLOTE for 19 gold pieces
 23180 | Bazaar   | Bought the ring of Qialet {*Slow rCorr Int+2 Dex+4} for 374
                  | gold pieces
 23196 | Bazaar   | Bought a scroll of blinking for 142 gold pieces
 23196 | Bazaar   | Bought a potion of heal wounds for 95 gold pieces
 23562 | D:12     | Noticed Josephine
 23566 | D:12     | Killed Josephine
 23574 | D:12     | Noticed Jorgrun
 23581 | D:12     | Killed Jorgrun
 24009 | D:12     | Noticed Nergalle
 24014 | D:12     | Killed Nergalle
 24673 | D:13     | Found a gate leading to a gauntlet.
 24690 | Gauntlet | Entered a Gauntlet
 24690 | Gauntlet | Found a transporter.
 24699 | Gauntlet | Found a transporter.
 24716 | Gauntlet | Found a transporter.
 24720 | Gauntlet | Found a transporter.
 24741 | Gauntlet | Found a transporter.
 24757 | Gauntlet | Found a transporter.
 24767 | Gauntlet | Found a transporter.
 24796 | Gauntlet | Found a transporter.
 24796 | Gauntlet | Found a transporter.
 24801 | Gauntlet | Found a transporter.
 24834 | Gauntlet | Found a transporter.
 24834 | Gauntlet | Found a transporter.
 24931 | Gauntlet | Identified the ring "Goun" {Fire Str+3 Dex-3 Stlth+}
 25233 | Gauntlet | Identified the +3 battleaxe "Ynorat" {freeze, rPois rN+++
                  | SInv}
 25477 | Gauntlet | Identified the +2 robe "Erim" {+Blink rPois}
 25477 | Gauntlet | Identified the amulet "Bygu" {Acrobat Str+3}
 26415 | D:14     | Reached skill level 15 in Fighting
 27155 | D:14     | Found a gate to the Vaults.
 27494 | D:14     | Reached XP level 17. HP: 86/131 MP: 0/0
 27494 | D:14     | Learned a level 6 spell: Iron Shot
 28084 | D:14     | Found a broken altar of Ashenzari.
 28395 | D:15     | Entered Level 15 of the Dungeon
 28781 | D:15     | Noticed Azrael
 28790 | D:15     | Killed Azrael
 29180 | D:15     | Found Wefabo's Antique Armour Boutique.
 29185 | D:15     | Bought a slimy robe for 142 gold pieces
 29185 | D:15     | Identified the +1 robe "Icenwaku" {Rampage rC- rN++ Str+9}
                  | (You bought it in a shop on level 15 of the Dungeon)
 29703 | D:15     | Found a staircase to the Depths.
 30117 | Snake:1  | Entered Level 1 of the Snake Pit
 30953 | Snake:1  | Noticed Asterion
 30976 | Snake:1  | Killed Asterion
 31179 | Snake:1  | Identified the +2 morningstar of Noxt {speed, rPois Dex+3}
 31455 | Snake:1  | Reached skill level 1 in Long Blades
 32658 | Snake:2  | Found a runed translucent gate.
 32658 | Snake:2  | Found a runed translucent gate.
 32658 | Snake:2  | Found a runed translucent gate.
 32659 | Snake:2  | Noticed Sopaerr's ghost (journeyman MiBe)
 33927 | Snake:3  | Reached skill level 16 in Fighting
 33927 | Snake:3  | Reached XP level 18. HP: 135/139 MP: 0/0
 34192 | Snake:3  | Found Ypeofuas's Tremendous Tomes.
 34931 | Snake:4  | Entered Level 4 of the Snake Pit
 35635 | Snake:4  | Found Ycoogyf's Distillery.
 37299 | Snake:4  | Got a serpentine rune of Zot
 37571 | Snake:4  | Bought a potion of heal wounds for 60 gold pieces
 37571 | Snake:4  | Bought a potion of heal wounds for 60 gold pieces
 37886 | Elf:1    | Entered Level 1 of the Elven Halls
 38191 | Elf:1    | Reached XP level 19. HP: 146/147 MP: 0/0
 38191 | Elf:1    | Learned a level 6 spell: Simulacrum
 38449 | Elf:1    | Noticed Zenata
 38792 | Swamp:1  | Entered Level 1 of the Swamp
 39028 | Swamp:1  | Noticed Frances
 39215 | Swamp:1  | Killed Frances
 39748 | Swamp:1  | Reached skill level 17 in Fighting
 40115 | Swamp:1  | You are sucked into a shaft and drop 1 floor!
 40631 | Swamp:2  | Found an ornate altar of the Wu Jian Council.
 41052 | Swamp:3  | Found a frozen archway.
 41078 | IceCv    | Entered an ice cave
 41573 | IceCv    | Noticed a lich
 41796 | IceCv    | Killed a lich
 41884 | IceCv    | Identified the ring of Nidesmuoh {rC++ rN+}
 42142 | Swamp:3  | Noticed Mlioglotl
 42150 | Swamp:3  | Reached skill level 10 in Ranged Weapons
 42157 | Swamp:3  | Killed Mlioglotl
 42211 | Swamp:3  | Noticed Kirke
 42219 | Swamp:3  | Killed Kirke
 42286 | Swamp:3  | Noticed Bai Suzhen
 42515 | Swamp:3  | Killed from afar by Bai Suzhen

Illustrated notes

Levels and vault maps discovered:
D:1:      amcnicky_arrival_underground_garden, layout_basic
D:2:      layout_basic, hellmonk_ecumenical_altar_heavens_door, basic_altar,
          minmay_close_crescents
D:3:      layout_loops_ring, chequers_serial_rivers_micro_b,
          minmay_randomly_rotated_circles, uniq_robin
D:4:      layout_rooms, minmay_temple_entry_overgrown
D:5:      layout_basic, tgw_sif
D:6:      layout_basic, cheibrodos_sewer_entry_sluice, uniq_pikel, uniq_menkaure
D:7:      layout_basic
D:8:      minmay_separated_statues, layout_basic, marbit_many_paths,
          uniq_maurice, uniq_erica
D:9:      layout_big_octagon, old_standard_altar,
          grunt_dithmenos_smoke_and_mirrors, minmay_strange_pillars
D:10:     layout_loops_ring, erik_orc_3, enter_bailey_7, serial_shops,
          kennysheep_mini, grunt_ministairs_1, uniq_grum
D:11:     layout_gridville, serial_shops, bzr_entry_water, shop,
          onia_ninara_dug_in_and_dangerous, uniq_snorg, uniq_lodul
D:12:     layout_stronghold, uniq_jorgrun, uniq_nergalle, uniq_josephine
D:13:     layout_roguey, gauntlet_entry_generic
D:14:     minmay_the_grid_octo_tiled_octocenter_mashed
          [minmay_the_grid_octo_chip, minmay_the_grid_octo_vomiting_pacman,
          minmay_the_grid_octo_thin_diamonds, minmay_the_grid_octo_fan_narrow,
          minmay_the_grid_octo_prize_big_c, minmay_the_grid_square_5x5_eight,
          minmay_the_grid_square_5x5_plus,
          minmay_the_grid_square_5x5_fancy_junction,
          minmay_the_grid_square_5x5_detours], layout_basic,
          ximxim_vaults_locker_room
D:15:     grunt_enter_depths_snipers, layout_basic, serial_shops,
          shop_fountains, uniq_azrael
Temple:   mainiacjoe_temple_coin_purse
Lair:1:   layout_chaotic_city
Lair:2:   layout_regular_city, swamp_mist
Lair:3:   layout_cave_pods, guppyfry_snake_entry_island
Lair:4:   layout_regular_city, slime_entry_1, columned_hall_lemuel,
          lemuel_old_faithful
Lair:5:   minmay_lair_end_enchanted_forest, layout_long_grid
Swamp:1:  layout_falls_marsh, evilmike_swamp_ruin_wall,
          infiniplex_staircase_pool, uniq_frances
Swamp:2:  layout_basic_swamp, nicolae_swamp_godswood
Swamp:3:  layout_basic_swamp, portal_ice_cave_entry_ice_statue_one, basic_altar,
          hangedman_swamp_lotus, uniq_bai_suzhen, uniq_mlioglotl, uniq_kirke
Snake:1:  layout_layer_cave, nicolae_snake_snake_lake, uniq_asterion
Snake:2:  layout_grid_maze, gammafunk_ghost_necromancy
Snake:3:  layout_rooms, serial_corexii_hall, chequers_hall_statues_wall_a,
          chequers_hall_statues_y, nicolae_shop_i_like_big_books
Snake:4:  snake_pit, layout_misc_corridors, serial_shops,
          nicolae_shop_statue_plus, nicolae_fountain_basement
Orc:1:    layout_caves
Orc:2:    st_orc_ogre_mass, layout_caves, uniq_urug
Elf:1:    eino_elf_arrival_shootout, layout_loops_corners,
          minmay_elf_crystal_hexagon, minmay_curled_crystal, minmay_elf_sorcery,
          uniq_zenata, uniq_donald

Skill      XL: |  1  2  3  4  5  6  7  8  9 10 11 12 13 14 15 16 17 18 19 |
---------------+----------------------------------------------------------+-----
Fighting       | 1 2 3 4 5 7 8 9 10 13 14 15 16 17 | 17.4
Armour         | 1 2 3 4 5 7 8 9 10 11 12 | 12.0
Stealth        | 2 |  2.0
Dodging        | 3 4 5 6 8 9 10 12 | 12.0
Spellcasting   | 3 4 5 7 8 10 11 12 13 | 13.9
Invocations    | 1 2 3 5 6 7 |  7.0
Short Blades   | 1 2 3 4 5 |  5.0
Throwing       | 1 2 3 |  3.0
Evocations     | 3 |  3.0
Ranged Weapons | 1 3 5 6 7 9 10 | 10.0
Shields        | 5 6 8 9 |  9.9
Long Blades    | 2 3 |  3.7

Action                     |  1- 3 |  4- 6 |  7- 9 | 10-12 | 13-15 | 16-18 | 19-21 || total
---------------------------+-------+-------+-------+-------+-------+-------+-------++-------
  Melee: Short sword       |       |     8 |       |     9 |     8 |       |       ||    25
         Dagger            |       |     1 |       |       |       |       |       ||     1
   Fire: Sling             |       |       |       |       |       |    61 |     1 ||    62
  Throw: Dart              |       |       |     2 |     7 |       |       |       ||     9
   Cast: Foxfire           |    66 |   170 |   220 |   500 |   414 |   120 |    97 ||  1587
         Scorch            |       |     8 |    32 |   172 |   302 |    28 |     1 ||   543
         Flame Wave        |       |       |       |     4 |     3 |     8 |     5 ||    20
         Animate Dead      |       |       |       |     8 |    11 |     2 |       ||    21
         Lee's Rapid Decon |       |       |       |     4 |     6 |   229 |    86 ||   325
         Plasma Beam       |       |       |       |       |   144 |   299 |    86 ||   529
         Kindle Blastspark |       |       |       |       |     1 |       |       ||     1
         Eringya's Noxious |       |       |       |       |    17 |     7 |     2 ||    26
         Sandblast         |       |       |       |       |       |     4 |       ||     4
         Momentum Strike   |       |       |       |       |       |     1 |       ||     1
         Iron Shot         |       |       |       |       |       |   112 |   108 ||   220
         Inner Flame       |       |       |       |       |       |     2 |       ||     2
  Evoke: Wand              |       |       |       |     2 |     1 |       |     1 ||     4
         Phial of floods   |       |       |       |       |       |       |     1 ||     1
    Use: Scroll            |     5 |     5 |    12 |    10 |     5 |    12 |     2 ||    51
         Potion            |       |     1 |       |     2 |       |     3 |       ||     6
   Stab: Sleeping          |       |       |       |     1 |       |       |       ||     1
 Armour: Robe              |       |    15 |       |    49 |    61 |       |       ||   125
         Leather armour    |       |       |     5 |       |       |    55 |    18 ||    78
  Dodge: Dodged            |     3 |    23 |    13 |   152 |   157 |   275 |    95 ||   718
  Block: Other             |       |       |     3 |    59 |    39 |       |       ||   101
         Reflection        |       |       |     1 |    12 |       |    46 |     3 ||    62
         Buckler           |       |       |       |       |    17 |   100 |       ||   117
         Kite shield       |       |       |       |       |       |    86 |    54 ||   140

Table legend: (Time is in decaauts)
 A = Elapsed time spent in this place.
 B = Non-inter-level travel time spent in this place.
 C = Inter-level travel time spent in this place.
 D = Time resting spent in this place.
 E = Time spent auto-exploring this place.
 F = Levels seen in this place.
 G = Mean time per level.
                   A        B        C        D        E       F      G
               +--------+--------+--------+--------+--------+-----+--------+
         Total |  42554 |  40032 |   2522 |   8741 |  23270 |  36 | 1182.1 |
       Dungeon |  17633 |  16398 |   1235 |   2631 |  10884 |  15 | 1175.5 |
        Temple |    161 |    151 |     10 |      0 |    126 |   1 |  161.0 |
          Lair |   8232 |   7724 |    508 |   1535 |   4688 |   5 | 1646.4 |
         Swamp |   2547 |   2522 |     25 |    918 |   1058 |   3 |  849.0 |
     Snake Pit |   7606 |   7255 |    351 |   2109 |   4076 |   4 | 1901.5 |
  Orcish Mines |   2821 |   2431 |    390 |    836 |   1041 |   2 | 1410.5 |
   Elven Halls |    470 |    470 |      0 |    141 |    224 |   1 |  470.0 |
        Bazaar |    226 |    226 |      0 |      0 |     97 |   1 |  226.0 |
         Sewer |    480 |    480 |      0 |      0 |    268 |   1 |  480.0 |
        Bailey |    545 |    545 |      0 |      0 |    188 |   1 |  545.0 |
      Ice Cave |   1019 |   1019 |      0 |    109 |    455 |   1 | 1019.0 |
      Gauntlet |    808 |    808 |      0 |    462 |    165 |   1 |  808.0 |
               +--------+--------+--------+--------+--------+-----+--------+

Top non-repeatable levels by time:
  Lair:5: 2659 daAuts
 Snake:1: 2120 daAuts
 Snake:4: 1988 daAuts
 Snake:3: 1925 daAuts
    D:10: 1914 daAuts
    D:14: 1801 daAuts
  Lair:3: 1765 daAuts
  Lair:4: 1648 daAuts
     D:8: 1605 daAuts
 Snake:2: 1572 daAuts
    D:15: 1511 daAuts
   Orc:1: 1486 daAuts
   Orc:2: 1335 daAuts
    D:12: 1334 daAuts
    D:11: 1313 daAuts
